 Dungeon Crawl Stone Soup version 0.30-a0-1053-gbd8d5ba0ad (webtiles) character file.

Game seed: 397987788952767206

8289 qeuew the Grappler (level 11, -2/107 HPs)
             Began as a Troll Fighter on Apr 11, 2023.
             Was an Initiate of Gozag.
             Slain by an ogre
             ... wielding a +0 giant club
             ... led by Lodul
              (17 damage)
             ... on level 11 of the Dungeon.
             The game lasted 00:13:11 (7846 turns).

qeuew the Grappler (Troll Fighter)                  Turns: 7846, Time: 00:13:13

Health: -2/107     AC:  8    Str: 30    XL:     11   Next: 7%
Magic:  10/10      EV: 16    Int:  4    God:    Gozag
Gold:   2016       SH: 11    Dex: 11    Spells: 10/10 levels left

rFire   . . .      SeeInvis .      - Unarmed
rCold   . . .      Faith    .    b - +1 kite shield
rNeg    . . .      Spirit   .    a - +0 robe
rPois   .          Reflect  .    v - +1 hat of Muibby Ahod {Str+2}
rElec   .          Rampage  .    (no cloak)
rCorr   .                        (gloves unavailable)
Will    .....                    (boots unavailable)
Stlth   +                        (no amulet)
HPRegen 1.17/turn                f - +4 ring of protection
MPRegen 0.12/turn                l - +5 ring of evasion

@: mighty, gold aura, on berserk cooldown, slowed, very slow
A: large, unfitting armour, claws 3, regeneration 1, shaggy fur 1, tough skin 1,
deformed body
a: Renounce Religion, Potion Petition, Call Merchant, Bribe Branch


You were on level 11 of the Dungeon.
You worshipped Gozag.
Gozag was most pleased with you.
You visited 2 branches of the dungeon, and saw 12 of its levels.
You also visited: Ossuary.

You collected 2114 gold pieces.
You paid 98 gold pieces to Gozag.

Inventory:

Missiles
 h - 3 throwing nets (quivered)
Armour
 a - a +0 robe (worn)
 b - a +1 kite shield (worn)
 v - the +1 hat of Muibby Ahod (worn) {Str+2}
   (You acquired it on level 9 of the Dungeon)

   Str:       It affects your strength (+2).
Jewellery
 f - a +4 ring of protection (left claw)
 l - a +5 ring of evasion (right claw)
 s - a ring of flight
Wands
 k - a wand of polymorph (8)
 o - a wand of roots (10)
Scrolls
 g - 6 scrolls of teleportation
 i - 4 scrolls of enchant weapon
 j - 2 scrolls of silence
 t - a scroll of magic mapping
 u - a scroll of enchant armour
Potions
 c - 3 potions of might
 d - 2 potions of haste
 e - 4 potions of curing
 m - 3 potions of resistance
 n - 3 potions of heal wounds
 p - 2 potions of ambrosia
 q - a potion of magic
 r - 2 potions of berserk rage


   Skills:
 + Level 6.9 Fighting
 + Level 7.0 Dodging
 + Level 7.5 Shields
 * Level 11.1 Unarmed Combat


You had 10 spell levels left.
You didn't know any spells.
Your spell library contained the following spells:

 Spells                   Type           Power      Damage    Failure   Level
 Apportation              Tloc           0%         N/A       75%         1
 Sting                    Tmut/Pois      0%         1d3       75%         1
 Lesser Beckoning         Tloc           0%         N/A       87%         2
 Poisonous Vapours        Pois/Air       0%         N/A       87%         2
 Sublimation of Blood     Necr           0%         N/A       87%         2
 Gell's Gravitas          Tloc           0%         N/A       98%         3
 Mephitic Cloud           Conj/Pois/Air  0%         N/A       98%         3
 Ozocubu's Armour         Ice            0%         N/A       98%         3
 Teleport Other           Tloc           0%         N/A       98%         3
 Vhi's Electric Charge    Tloc/Air       0%         N/A       98%         3
 Olgreb's Toxic Radiance  Pois           0%         N/A       100%        4
 Petrify                  Tmut/Erth      0%         N/A       100%        4
 Alistair's Intoxication  Tmut/Pois      0%         N/A       100%        5
 Arcjolt                  Conj/Air       0%         1d10      100%        5
 Borgnjor's Vile Clutch   Necr/Erth      0%         N/A       100%        5
 Freezing Cloud           Conj/Ice/Air   0%         6-21      100%        5
 Irradiate                Conj/Tmut      0%         3d11      100%        5
 Death Channel            Necr           0%         N/A       100%        6
 Plasma Beam              Fire/Air       0%         2x1d11    100%        6
 Ozocubu's Refrigeration  Ice            0%         4d7       100%        7
 Animate Dead             Necr           Unusable   N/A       N/A         4

Dungeon Overview and Level Annotations

Branches:
Dungeon (11/15)            Temple (1/1) D:7             Orc (0/2) D:11
Ossuary (visited)
   Lair: D:8-11

Altars:
Ashenzari
Cheibriados
Dithmenos
Elyvilon
Fedhas
Gozag
Hepliaklqana
Kikubaaqudgha
Makhleb
Nemelex Xobeh
Okawaru
Qazlal
Ru
Sif Muna
Trog
Uskayaw
Vehumet
Wu Jian
Xom
Yredelemnul
Zin
The Shining One

Shops:
D:1 =   D:5 [   D:8 (


Innate Abilities, Weirdness & Mutations

You are too large for most types of armour.
You have claws for hands.
Your natural rate of healing is unusually fast.
You are covered in fur. (AC +1)
You have tough skin. (AC +1)
Armour fits poorly on your strangely shaped body.


Message History

Unknown command.
You eviscerate the ogre!!!
You kill the ogre!
The ogre misses you.
The ogre hits you with a +0 giant spiked club!
* * * LOW HITPOINT WARNING * * *
The ogre closely misses you.
Your Dodging skill increases to level 7!
The centaur attacks as you move away! You block the centaur's attack.
The centaur kicks you.
* * * LOW HITPOINT WARNING * * *
Things that are here:
474 gold pieces; a +0 dire flail Unknown command.
You feel a strong urge to attack something.
You feel your anger nearly subside.
You are no longer berserk.
You are exhausted.
You feel yourself slow down.
The centaur is no longer distracted by gold.
Okay, then.
You feel much better. You block the ogre's attack.
The centaur wields a +0 shortbow.
The centaur shoots an arrow.
The arrow closely misses you. You block the ogre's attack.
You scratch the ogre.
The ogre is lightly wounded.
The centaur shoots an arrow.
The arrow completely misses you.
The ogre hits you with a +0 giant spiked club!!
* * * LOW HITPOINT WARNING * * *
The centaur is distracted by your dazzling golden aura.
The ogre hits you with a +0 giant club!
* * * LOW HITPOINT WARNING * * *
You feel much better.
The centaur is no longer distracted by gold.
The centaur shoots an arrow.
The arrow hits you.
* * * LOW HITPOINT WARNING * * *
The ogre hits you with a +0 giant spiked club!
* * * LOW HITPOINT WARNING * * *
The ogre hits you with a +0 giant club!
You die...
Your body crumbles into a pile of gold.

#.......# ..... $
#.......#####.....
#....$$...........
#....$.............. ....
#......$...........# #...
######..................#
#...
...............O........#
#...
.............OcO#######.#
#... .........)....O@#
#.# #...
................# #.#
#... .#####..........##
#.#####<.. ######......#
#.........
#......######.........
#....................#
#....................#
#....................#
#....................#


You could see 4 ogres and a centaur.

Vanquished Creatures
  A two-headed ogre (D:9)
  Lodul (D:11)
  Pikel (D:5)
  A troll (D:10)
  A wyvern (D:9)
  15 yaks
  2 water moccasins (D:7)
  2 orc warriors
  An ice beast (D:7)
  2 sky beasts
  A black bear (D:4)
  6 ogres
  3 centaurs
  A phantom (D:4)
  A kobold brigand (D:7)
  Blork the orc (D:6)
  2 bullfrogs
  3 elf zombies (Ossuary)
  2 scorpions (D:6)
  3 gnoll sergeants
  11 wights
  3 howler monkeys (D:8)
  2 electric eels (D:8)
  3 jellies
  2 orc priests
  3 hounds
  2 human zombies (Ossuary)
  2 gnoll boudas
  2 iguanas
  5 orc wizards
  A sleepcap (D:6)
  2 mummies (Ossuary)
  27 gnolls
  15 adders
  2 shadow imps
  3 ufetubi
  An adder zombie (Ossuary)
  3 worms
  2 dart slugs
  16 orcs
  5 bats
  15 endoplasms
  3 giant cockroaches
  4 goblins
  6 hobgoblins
  5 jackals
  8 quokkas
  5 ball pythons
  6 frilled lizards
  9 hobgoblin zombies (Ossuary)
  3 jackal zombies (Ossuary)
  14 kobolds
  10 kobold zombies (Ossuary)
  8 orc zombies (Ossuary)
  9 rats
  A spectral orc (D:9)
268 creatures vanquished.

Notes
Turn   | Place    | Note
-------+----------+-------------------------------------------
     0 | D:1      | qeuew the Troll Fighter began the quest for the Orb.
     0 | D:1      | Reached XP level 1. HP: 22/22 MP: 0/0
   116 | D:1      | Reached XP level 2. HP: 27/29 MP: 1/1
   313 | D:1      | Found Tieceps's One-of-a-Kind Rings.
   648 | D:2      | Found a faded altar of an unknown god.
   799 | D:2      | Reached XP level 3. HP: 34/36 MP: 2/2
   897 | D:2      | Reached skill level 3 in Unarmed Combat
   964 | D:2      | Reached XP level 4. HP: 44/44 MP: 3/3
  1520 | D:2      | Identified a scroll of acquirement
  1520 | D:2      | Acquired 1056 gold pieces
  1626 | D:3      | Reached XP level 5. HP: 52/53 MP: 4/4
  2029 | D:3      | Reached skill level 4 in Unarmed Combat
  2208 | D:4      | Noticed a black bear
  2215 | D:4      | Killed a black bear
  2216 | D:4      | Reached XP level 6. HP: 61/61 MP: 5/5
  2578 | D:4      | Reached skill level 5 in Unarmed Combat
  2578 | D:4      | Reached XP level 7. HP: 67/67 MP: 6/6
  2938 | D:4      | Found a shadowy altar of Dithmenos.
  2938 | D:4      | Found an iron altar of Okawaru.
  3176 | D:5      | Entered Level 5 of the Dungeon
  3487 | D:5      | Found Tamumpie's Armour Emporium.
  3838 | D:5      | Noticed Pikel
  3851 | D:5      | Killed Pikel
  3852 | D:5      | Reached skill level 6 in Unarmed Combat
  3852 | D:5      | Reached XP level 8. HP: 65/79 MP: 7/7
  4239 | D:6      | Noticed Blork the orc
  4244 | D:6      | Reached skill level 5 in Shields
  4259 | D:6      | Killed Blork the orc
  4260 | D:6      | Reached skill level 7 in Unarmed Combat
  4377 | D:6      | Found a sand-covered staircase.
  4387 | Ossuary  | Entered an ossuary
  4714 | D:6      | Reached skill level 5 in Dodging
  4749 | D:6      | Reached XP level 9. HP: 64/87 MP: 8/8
  4766 | D:6      | Reached skill level 5 in Fighting
  4773 | D:6      | Reached skill level 8 in Unarmed Combat
  4976 | D:6      | Gained mutation: Your flesh is cold resistant. (rC+)
                  | [potion of mutation]
  4976 | D:6      | Gained mutation: Armour fits poorly on your strangely
                  | shaped body. [potion of mutation]
  4976 | D:6      | Lost mutation: Your flesh is cold resistant. (rC+) [potion
                  | of mutation]
  4977 | D:6      | Lost mutation: Armour fits poorly on your strangely shaped
                  | body. [potion of mutation]
  4977 | D:6      | Gained mutation: Armour fits poorly on your strangely
                  | shaped body. [potion of mutation]
  5145 | D:7      | Found a staircase to the Ecumenical Temple.
  5185 | Temple   | Entered the Ecumenical Temple
  5307 | Temple   | Became a worshipper of Gozag Ym Sagoz the Greedy
  5420 | D:7      | Identified the +7 rapier of Hyezyun {flame, Str+2}
  5858 | D:8      | Reached skill level 9 in Unarmed Combat
  6054 | D:8      | Found Woqitea's Antique Weapon Emporium.
  6375 | D:8      | Reached XP level 10. HP: 79/98 MP: 9/9
  6744 | D:9      | Reached skill level 10 in Unarmed Combat
  6811 | D:9      | Acquired the +1 hat of Muibby Ahod {Str+2}
  6877 | D:9      | Noticed a two-headed ogre
  6894 | D:9      | Killed a two-headed ogre
  7007 | D:9      | Found a basalt altar of Yredelemnul.
  7104 | D:9      | Found a hazy altar of Hepliaklqana.
  7216 | D:9      | Found a glowing silver altar of Zin.
  7216 | D:9      | Found a shimmering blue altar of Sif Muna.
  7262 | D:10     | Entered Level 10 of the Dungeon
  7771 | D:11     | Found a staircase to the Orcish Mines.
  7817 | D:11     | Noticed Lodul
  7821 | D:11     | Reached skill level 11 in Unarmed Combat
  7826 | D:11     | Reached XP level 11. HP: 69/107 MP: 10/10
  7835 | D:11     | Killed Lodul
  7838 | D:11     | HP: 4/160 [ogre/+0 giant spiked club[Lodul] (15)]
  7845 | D:11     | HP: 5/107 [ogre/+0 giant club[Lodul] (17)]
  7846 | D:11     | Slain by an ogre

Illustrated notes

Levels and vault maps discovered:
D:1:      lemuel_arrival_cross, layout_loops_ring, nicolae_shop_unique_rings,
          amcnicky_mini_corridor_feature, minivault_26, minmay_misc_feat_room
D:2:      minmay_razor_zed, layout_loops_ring, ebering_ecumenical_altar_webs
D:3:      layout_loops_cross
D:4:      layout_loops_corners, gammafunk_temple_overflow_elements
D:5:      layout_loops_ring, serial_shops, nicolae_shop_statue_plus,
          minmay_fountain_box, uniq_pikel
D:6:      layout_rooms, lightli_ossuary_entry_decrepit_ruins, nicolae_titane,
          uniq_blork_the_orc
D:7:      layout_basic, minmay_temple_entry_junction_2
D:8:      layout_loops_ring, serial_shops, nicolae_shop_stone,
          minmay_tree_intersection, nrook_pool_corridor, kennysheep_boxes
D:9:      layout_cave_pools, nicolae_hepliaklqana_hazy_memory,
          yredelemnul_forgotten_temple_becter, amethyst_overflow_temple_binary,
          minivault_24
D:10:     layout_basic
D:11:     layout_irregular_city, dpeg_oklobed_lair, orc_0_dummy, uniq_lodul
Temple:   kb_temple_of_zot

Skill      XL: |  1  2  3  4  5  6  7  8  9 10 11 |
---------------+----------------------------------+-----
Shields        | 3 4 5 6 7 |  7.5
Unarmed Combat | 3 4 5 6 7 9 11 | 11.1
Fighting       | 3 4 5 6 |  6.9
Dodging        | 3 4 5 6 7 |  7.0

Action                     |  1- 3 |  4- 6 |  7- 9 | 10-12 || total
---------------------------+-------+-------+-------+-------++-------
  Melee: Unarmed           |    90 |   193 |   429 |   142 ||   854
    Use: Scroll            |     3 |     9 |    10 |     2 ||    24
         Potion            |     1 |       |     6 |     4 ||    11
 Armour: Robe              |    30 |    78 |   110 |    18 ||   236
  Dodge: Dodged            |    26 |    72 |   264 |    79 ||   441
  Block: Kite shield       |    36 |    78 |   212 |    92 ||   418

Table legend: (Time is in decaauts)
 A = Elapsed time spent in this place.
 B = Non-inter-level travel time spent in this place.
 C = Inter-level travel time spent in this place.
 D = Time resting spent in this place.
 E = Time spent auto-exploring this place.
 F = Levels seen in this place.
 G = Mean time per level.
                   A        B        C        D        E       F      G
               +--------+--------+--------+--------+--------+-----+--------+
         Total |   7834 |   7451 |    383 |    100 |   5684 |  13 |  602.6 |
       Dungeon |   7437 |   7101 |    336 |    100 |   5512 |  11 |  676.1 |
        Temple |    143 |     96 |     47 |      0 |     84 |   1 |  143.0 |
       Ossuary |    252 |    252 |      0 |      0 |     88 |   1 |  252.0 |
               +--------+--------+--------+--------+--------+-----+--------+

Top non-repeatable levels by time:
     D:4: 994 daAuts
     D:2: 957 daAuts
     D:5: 886 daAuts
     D:8: 756 daAuts
     D:9: 699 daAuts
     D:6: 676 daAuts
     D:7: 659 daAuts
     D:1: 630 daAuts
     D:3: 600 daAuts
    D:10: 492 daAuts
 Ossuary: 252 daAuts
  Temple: 143 daAuts
    D:11: 84 daAuts
